 Dungeon Crawl Stone Soup version 0.22-a0-247-gbddf880 (webtiles) character file.

53 b5mith the Slasher (level 3, 0/33 HPs)
             Began as a Minotaur Berserker on Feb 27, 2018.
             Was a Follower of Trog.
             Succumbed to a worker ant's poison
             ... on level 2 of the Dungeon.
             The game lasted 00:02:05 (877 turns).

b5mith the Slasher (Minotaur Berserker)              Turns: 877, Time: 00:02:06

Health: 0/33       AC:  6    Str: 22    XL:     3   Next: 62%
Magic:  2/2        EV: 11    Int:  4    God:    Trog [*.....]
Gold:   71         SH:  0    Dex:  9    Spells: 2/2 levels left

rFire    . . .     SeeInvis .   a - +0 falchion
rCold    . . .     Gourm    .   (no shield)
rNeg     . . .     Faith    .   g - +0 scale mail
rPois    .         Spirit   .   (helmet restricted)
rElec    .         Reflect  .   (no cloak)
rCorr    .         Harm     .   (no gloves)
MR       .....                  (no boots)
Stlth    ..........             (no amulet)
HPRegen  0.11/turn              (no ring)
MPRegen  0.08/turn              (no ring)

@: lethally poisoned (0 -> -17), berserk cooldown, slowed, very slow
A: retaliatory headbutt, horns 2
a: Berserk, Renounce Religion


You were on level 2 of the Dungeon.
You worshipped Trog.
Trog was aware of your devotion.
You were not hungry.

You visited 1 branch of the dungeon, and saw 2 of its levels.

You collected 71 gold pieces.

Inventory:

Hand Weapons
 a - a +0 falchion (weapon)
Armour
 b - a +0 animal skin
 g - a +0 scale mail (worn)
Scrolls
 e - a scroll of amnesia {unknown}
 i - a scroll of random uselessness {unknown}
 j - a scroll of noise {unknown}
 l - a scroll of teleportation {unknown}
 m - 2 scrolls of identify {unknown}
Potions
 f - a potion of lignification {unknown}
 h - a potion of curing {unknown}
Comestibles
 c - 2 rations
 d - 2 chunks of flesh


   Skills:
 + Level 4.2 Fighting
 + Level 4.2 Long Blades
 + Level 3.2 Armour
 + Level 2.9 Dodging


You had 2 spell levels left.
You didn't know any spells.

Dungeon Overview and Level Annotations

Branches:
Dungeon (2/15)

Altars:


Innate Abilities, Weirdness & Mutations

You reflexively headbutt those who attack you in melee.
You have a pair of horns on your head.


Message History

You slash the worker ant!
You kill the worker ant!
Trog accepts your kill.
You have reached level 3!
Your experience leads to an increase in your attributes!
Your base attributes are Str 21, Int 4, Dex 9.
Increase (S)trength, (I)ntelligence, or (D)exterity?
You feel stronger.
* * * LOW HITPOINT WARNING * * *
You feel sick.
You feel a strong urge to attack something.
* * * LOW HITPOINT WARNING * * *
You feel sick.
You are too berserk!
* * * LOW HITPOINT WARNING * * *
You feel sick.
You feel your anger nearly subside.
You are no longer berserk.
You are exhausted.
You feel yourself slow down.
You die...

.... .#
#....#.
...#.#.#####
...........##
............##
.......).....#
.............#
........)....#
?......).@...#
.........<...#
.............#
............##
.....#....!##
############


There were no monsters in sight!

Vanquished Creatures
  A worker ant (D:2)
  2 dart slugs (D:1)
  A giant cockroach (D:1)
  4 goblins
  3 hobgoblins
  4 kobolds (D:1)
  2 bats (D:1)
  A frilled lizard (D:2)
  2 rats (D:1)
20 creatures vanquished.

Notes
Turn   | Place    | Note
-------+----------+-------------------------------------------
     0 | D:1      | b5mith the Minotaur Berserker began the quest for the Orb.
     0 | D:1      | Reached XP level 1. HP: 19/19 MP: 0/0
   197 | D:1      | Reached XP level 2. HP: 25/27 MP: 1/1
   873 | D:2      | Reached XP level 3. HP: 5/33 MP: 2/2
   875 | D:2      | HP: 1/49 [poisoned by a worker ant]
   877 | D:2      | Succumbed to a worker ant's poison

Vault maps used:
D:1:      dpeg_arrival_castle
D:2:      first_ration, uniq_sigmund

Skill      XL: |  1  2 |
---------------+-------+-----
Fighting       | 4 |  4.2
Long Blades    | 4 |  4.2
Armour         | 3 |  3.2
Dodging        | |  2.9

Action                   || total
-------------------------++-------
Melee: Falchion          ||    39
       Headbutt          ||     9
  Use: Potion            ||     1
Armor: Animal skin       ||     1
       Scale mail        ||    12
Dodge: Dodged            ||    21
       Rpst.: Falchion   ||     5

Table legend:
 A = Spawn XP
 B = Non-spawn XP
 C = Spawn XP percentage of total XP
 D = Spawn monster count
 E = Non-spawn monster count
 F = Spawn count percentage of total count
 G = Total turns spent on level
                    A         B        C        D         E        F      G
               +---------+---------+-------+---------+---------+-------+---------
         Total |       0 |      76 |   0.0 |       0 |      20 |   0.0 |   877
               +---------+---------+-------+---------+---------+-------+---------
           D:1 |       0 |      33 |   0.0 |       0 |      16 |   0.0 |   853
           D:2 |       0 |      43 |   0.0 |       0 |       4 |   0.0 |    24
               +---------+---------+-------+---------+---------+-------+---------
